 Dungeon Crawl Stone Soup version 0.20-a0-792-g09bcfd3 (webtiles) character file.

482 FrankyJ the Magician (level 7, -4/36 HPs)
             Began as a Tengu Air Elementalist on Mar 1, 2017.
             Killed by divine providence
             ... invoked by an orc priest
              (14 damage)
             ... on level 5 of the Dungeon.
             The game lasted 00:26:36 (6694 turns).

FrankyJ the Magician (Tengu Air Elementalist)       Turns: 6694, Time: 00:26:37

Health: -4/36      AC:  2    Str:  9    XL:     7   Next: 12%
Magic:  16/16      EV: 12    Int: 17    God:
Gold:   183        SH:  0    Dex: 14    Spells: 7/17 levels left

rFire    . . .     SeeInvis .   f - +0 dagger (protect)
rCold    . . .     Gourm    .   a - +0 robe
rNeg     . . .     Faith    .   (no shield)
rPois    .         Spirit   .   (helmet restricted)
rElec    .         Reflect  .   (no cloak)
rCorr    .         Harm     .   (no gloves)
MR       .....                  (boots unavailable)
Stlth    ++........             (no amulet)
Regen    0.2/turn               (no ring)
MPRegen  0.2/turn               (no ring)

@: sluggish, very slow
A: beak, talons 3, able to fly 1
a: Fly


You were on level 5 of the Dungeon.
You were not hungry.

You visited 1 branch of the dungeon, and saw 5 of its levels.

You collected 183 gold pieces.

Inventory:

Hand Weapons
 f - a +0 dagger of protection (weapon)
 j - a +0 whip
 y - a +0 rapier
 A - a +0 great sword
 E - a +0 blowgun
Missiles
 l - 50 poisoned needles
 r - 12 needles of sleeping
Armour
 a - a +0 robe (worn)
 x - a +0 leather armour
Jewellery
 D - an uncursed ring of fire {unknown}
Wands
 G - a wand of digging (8/24)
Scrolls
 d - 3 scrolls of magic mapping {unknown}
 e - 3 scrolls of identify
 i - a scroll of remove curse {unknown}
 m - 4 scrolls of enchant armour {unknown}
 p - 3 scrolls of teleportation
 t - 2 scrolls of blinking {unknown}
 w - 2 scrolls of immolation {unknown}
 C - a scroll of fear {unknown}
Potions
 k - a potion of might {unknown}
 n - 3 potions of magic {unknown}
 o - a potion of degeneration {unknown}
 q - a potion of flight {unknown}
 u - a potion of ambrosia {unknown}
 v - 4 potions of curing
 z - 2 potions of mutation {unknown}
 B - a potion of heal wounds {unknown}
 F - a potion of lignification {unknown}
Books
 b - a book of Air

   Spells                             Type                      Level
   a - Shock                          Conjuration/Air              1
   b - Swiftness                      Charms/Air                   2
   c - Static Discharge               Conjuration/Air              3
   d - Airstrike                      Air                          4
   e - Lightning Bolt                 Conjuration/Air              5
Comestibles
 c - 5 bread rations
 g - 3 meat rations
 h - 4 royal jellies
 s - 2 fruits


   Skills:
 - Level 2.1 Dodging
 - Level 2.0 Stealth
 + Level 5.9 Spellcasting
 - Level 5.0 Conjurations
 - Level 4.0 Air Magic


You had 7 spell levels left.
You knew the following spells:

 Your Spells              Type           Power        Failure   Level  Hunger
a - Shock                 Conj/Air       ###.         1%          1    None
b - Swiftness             Chrm/Air       ##......     10%         2    None
c - Static Discharge      Conj/Air       ###.....     8%          3    ##.....
d - Airstrike             Air            ###.......   24%         4    ####...


Dungeon Overview and Level Annotations

Branches:
Dungeon (5/15)
 Temple: D:4-7

Altars:

Annotations:
D:1 Terence
D:3 1 exclusion, Grinder, Sigmund


Innate Abilities, Weirdness & Mutations

You have a beak for a mouth.
You have claws for feet.
You can fly.


Message History

The orc is moderately wounded.
The orc priest completely misses you.
Casting: Shock
Confirm with . or Enter, or press ? or * to list all spells.
You feel quick.
The orc priest calls down the wrath of Beogh upon you.
Beogh smites you!
Casting: Swiftness
Confirm with . or Enter, or press ? or * to list all spells.
This spell is already in effect.
The orc priest looks more healthy.
You start to feel a little slower.
You feel sluggish.
You start to feel a little faster.
The orc priest calls down the wrath of Beogh upon you.
Pain shoots through your body!
* * * LOW HITPOINT WARNING * * *
The orc priest invokes the aid of Beogh against you.
Beogh smites you!
You die...

....[.....######....#
..#####....# #.....#
#....# #....##
#...######...#
#..###..###..#
#.###....##
#.##......##.
#............
##.o.@.......
###....##.####
+.......#.#
###......<# #.#.##..#
#.####..# #.. ...#
### ##.## #.#


You could see an orc priest.

Vanquished Creatures
  An ogre (D:3)
  2 orc priests (D:3)
  Jessica (D:3)
  An iguana (D:4)
  2 worker ants (D:3)
  4 gnolls (D:4)
  6 adders
  A dart slug (D:4)
  5 leopard geckos
  22 orcs
  5 ball pythons
  12 bats
  4 giant cockroaches
  9 goblins
  16 hobgoblins
  10 jackals
  8 kobolds
  A quokka (D:4)
  6 frilled lizards
  4 rats
120 creatures vanquished.

Notes
Turn   | Place    | Note
-------+----------+-------------------------------------------
     0 | D:1      | FrankyJ the Tengu Air Elementalist began the quest for the Orb.
     0 | D:1      | Reached XP level 1. HP: 10/10 MP: 4/4
   207 | D:1      | Reached XP level 2. HP: 13/15 MP: 3/6
   545 | D:1      | Reached XP level 3. HP: 18/19 MP: 6/8
  1857 | D:2      | Found a faded altar of an unknown god.
  1902 | D:2      | Reached XP level 4. HP: 24/24 MP: 2/9
  1975 | D:2      | Noticed Terence
  2171 | D:2      | Learned a level 2 spell: Swiftness
  2650 | D:3      | Gained mutation: You can fly. [Tengu growth]
  2650 | D:3      | Reached XP level 5. HP: 28/28 MP: 3/11
  2892 | D:3      | Noticed Sigmund
  2938 | D:3      | Noticed Grinder
  3240 | D:1      | Reached skill level 5 in Conjurations
  3788 | D:3      | Noticed Jessica
  3793 | D:3      | Killed Jessica
  3878 | D:3      | Reached XP level 6. HP: 27/32 MP: 4/13
  4255 | D:3      | Learned a level 3 spell: Static Discharge
  4346 | D:3      | Reached skill level 5 in Spellcasting
  5990 | D:4      | Reached XP level 7. HP: 32/36 MP: 12/16
  6026 | D:4      | Learned a level 4 spell: Airstrike
  6600 | D:5      | Entered Level 5 of the Dungeon
  6694 | D:5      | Killed from afar by an orc priest

Vault maps used:
D:1:      onia_arrival_mini_spirals, minmay_bisected
D:2:      chequers_ecumenical_altar_simple_redux, first_bread, st_stairs_9,
          uniq_terence
D:3:      kb_forest_paths, saegor_snake_ambush, uniq_grinder, uniq_jessica,
          uniq_sigmund
D:5:      serial_shops, nicolae_shop_crystal, nicolae_shop_crystal, shop,
          minivault_19, small_statue_intersection, minmay_curled_crystal,
          lightli_church_of_beogh, uniq_duvessa, uniq_crazy_yiuf_cottage,
          uniq_eustachio

Skill      XL: |  1  2  3  4  5  6 |
---------------+-------------------+-----
Conjurations   | 2 3 4 5 |  5.0
Spellcasting   | 3 4 5 |  5.9
Dodging        | |  2.1
Stealth        | |  2.0
Air Magic      | |  4.0

Action                   |  1- 3 |  4- 6 |  7- 9 || total
-------------------------+-------+-------+-------++-------
Melee: Unarmed           |     2 |       |       ||     2
       Whip              |    41 |       |       ||    41
       Peck              |    11 |    15 |     4 ||    30
       Kick              |    11 |    15 |     5 ||    31
       Dagger            |    19 |    64 |    20 ||   103
 Fire: Blowgun           |       |       |     4 ||     4
 Cast: Shock             |    45 |   108 |    15 ||   168
       Swiftness         |       |     4 |     1 ||     5
       Static Discharge  |       |    13 |     2 ||    15
  Use: Potion            |       |     2 |       ||     2
       Scroll            |       |     2 |       ||     2
 Stab: Sleeping          |       |     1 |       ||     1
  Eat: Chunk             |     3 |    12 |     3 ||    18
       Fruit             |       |       |     1 ||     1
Armor: Robe              |    37 |    23 |     5 ||    65
Dodge: Dodged            |    73 |    82 |    15 ||   170
